| TOP OF THE 1ST |
|
London Majors batting - Pitching for Brockton Rox : RHP Jeff Williams
|
|
Pitching: RHP Jeff Williams
|
|
|
Batting: SHB Steve Ramsey
|
0-0: Ball 1-0: Ball 2-0: Called Strike 2-1: Called Strike 2-2: Foul Ball, location: 2F 2-2: Strikes out swinging
|
|
Batting: LHB Edwin Esparza
|
0-0: Ball 1-0: SINGLE (Groundball, 13S, EV 56.9 MPH) (infield hit)
|
|
Batting: SHB Toby Patenaude
|
0-0: Called Strike 0-1: Swinging Strike 0-2: Foul Ball, location: 2F 0-2: Ball 1-2: Strikes out looking
|
|
Batting: RHB Cedric Nicholls
|
0-0: Foul Ball, location: 2F 0-1: Ball 1-1: Ball Edwin Esparza steals 2nd base 2-1: Foul Ball, location: 2F 2-2: SINGLE (Flyball, 78S, EV 96.2 MPH) Edwin Esparza to third
|
|
Batting: RHB Cormackle Poohdatoot
|
0-0: Ball 1-0: Ball 2-0: Fielders Choice at 2nd, 6-4 (Groundball, 6, EV 86.9 MPH)
|
| Top of the 1st over - 0 runs, 2 hits, 0 errors, 2 left on base; London 0 - Brockton 0 |
| BOTTOM OF THE 1ST |
|
Brockton Rox batting - Pitching for London Majors : LHP Raul Pimentel
|
|
Pitching: LHP Raul Pimentel
|
|
|
Batting: LHB Darby Starburster
|
0-0: Ball 1-0: Foul Ball, location: 2F 1-1: Ball 2-1: Swinging Strike 2-2: Foul Ball, location: 2F 2-2: Foul Ball, location: 2F 2-2: Foul Ball, location: 2F 2-2: Fly out, F4 (Line Drive, 4, EV 70.0 MPH)
|
|
Batting: RHB Jose Blocker
|
0-0: Swinging Strike 0-1: Ball 1-1: Called Strike 1-2: Strikes out swinging
|
|
Batting: RHB Bob Reichley
|
0-0: Called Strike 0-1: Fly out, F8 (Flyball, 78M, EV 91.2 MPH)
|
| Bottom of the 1st over - 0 runs, 0 hits, 0 errors, 0 left on base; London 0 - Brockton 0 |
| TOP OF THE 2ND |
|
London Majors batting - Pitching for Brockton Rox : RHP Jeff Williams
|
|
Batting: RHB Brandon Williams
|
0-0: Called Strike 0-1: Ball 1-1: Ball 2-1: Ball 3-1: Base on Balls
|
|
Batting: LHB Jessie Stewart
|
0-0: Ball 1-0: Fielders Choice at 2nd, 6-4 (Groundball, 6M, EV 92.5 MPH)
|
|
Batting: RHB Lewis O'Connell
|
0-0: Ball 1-0: Swinging Strike 1-1: Ball 2-1: Ball 3-1: Foul Ball, location: 2F 3-2: Strikes out swinging
|
|
Batting: RHB Jerry Perez
|
0-0: Called Strike 0-1: Ball 1-1: Called Strike 1-2: Ball 2-2: Strikes out swinging
|
| Top of the 2nd over - 0 runs, 0 hits, 0 errors, 1 left on base; London 0 - Brockton 0 |
| BOTTOM OF THE 2ND |
|
Brockton Rox batting - Pitching for London Majors : LHP Raul Pimentel
|
|
Batting: LHB Eric Gaugler
|
0-0: Swinging Strike 0-1: Called Strike 0-2: Strikes out swinging
|
|
Batting: SHB Jose Santiago
|
0-0: Swinging Strike 0-1: Swinging Strike 0-2: Fly out, F8 (Flyball, 8RD, EV 100.0 MPH)
|
|
Batting: RHB Joe Lewis
|
0-0: Called Strike 0-1: Swinging Strike 0-2: Ball 1-2: Ball 2-2: Ball 3-2: Strikes out swinging
|
| Bottom of the 2nd over - 0 runs, 0 hits, 0 errors, 0 left on base; London 0 - Brockton 0 |
| TOP OF THE 3RD |
|
London Majors batting - Pitching for Brockton Rox : RHP Jeff Williams
|
|
Batting: SHB Steve Ramsey
|
0-0: Called Strike 0-1: Fly out, F7 (Flyball, 7D, EV 92.5 MPH)
|
|
Batting: LHB Edwin Esparza
|
0-0: Called Strike 0-1: Ball 1-1: Called Strike 1-2: Ball 2-2: Ball 3-2: Strikes out swinging
|
|
Batting: SHB Toby Patenaude
|
0-0: Called Strike 0-1: Ball 1-1: Ball 2-1: Ball 3-1: Foul Ball, location: 2F 3-2: SOLO HOME RUN (Flyball, 9D, EV 100.0 MPH), Distance : 395 ft
|
|
Batting: RHB Cedric Nicholls
|
0-0: Foul Ball, location: 2F 0-1: Ball 1-1: Called Strike 1-2: Strikes out looking
|
| Top of the 3rd over - 1 run, 1 hit, 0 errors, 0 left on base; London 1 - Brockton 0 |
| BOTTOM OF THE 3RD |
|
Brockton Rox batting - Pitching for London Majors : LHP Raul Pimentel
|
|
Batting: SHB Mel Gonzalez
|
0-0: Ball 1-0: Ball 2-0: Foul Ball, location: 2F 2-1: Fly out, F6 (Line Drive, 6, EV 76.2 MPH)
|
|
Batting: LHB Alexis Toxqui
|
0-0: Called Strike 0-1: Reached via error on a dropped throw from 1B, E1 (Groundball, 34, EV 80.6 MPH)
|
|
Batting: RHB Wu-sheng Zi
|
0-0: Called Strike 0-1: Hit by Pitch Alexis Toxqui to second
|
|
Batting: LHB Darby Starburster
|
0-0: Called Strike 0-1: Fly out, F7 (Flyball, 7, EV 93.1 MPH)
|
|
Batting: RHB Jose Blocker
|
0-0: Ball 1-0: Foul Ball, location: 2F 1-1: Foul Ball, location: 2F 1-2: Ball 2-2: Foul Ball, location: 2F 2-2: Foul Ball, location: 2F 2-2: Foul Ball, location: 2F 2-2: Strikes out swinging
|
| Bottom of the 3rd over - 0 runs, 0 hits, 1 error, 2 left on base; London 1 - Brockton 0 |
| TOP OF THE 4TH |
|
London Majors batting - Pitching for Brockton Rox : RHP Jeff Williams
|
|
Pinch Hitting: SHB Joe Loveless
|
0-0: Ball 1-0: Ball 2-0: Called Strike 2-1: Swinging Strike 2-2: Fly out, F9 (Flyball, 9D, EV 97.5 MPH)
|
|
Batting: RHB Brandon Williams
|
0-0: Ground out 6-3 (Groundball, 6, EV 94.4 MPH)
|
|
Batting: LHB Jessie Stewart
|
0-0: Foul Ball, location: 2F 0-1: Ball 1-1: Ball 2-1: Ball 3-1: Foul Ball, location: 2F 3-2: Strikes out swinging
|
| Top of the 4th over - 0 runs, 0 hits, 0 errors, 0 left on base; London 1 - Brockton 0 |
| BOTTOM OF THE 4TH |
|
Brockton Rox batting - Pitching for London Majors : LHP Raul Pimentel
|
|
Now at 1B: Joy-shan Li
|
|
|
Batting: RHB Bob Reichley
|
0-0: Ball 1-0: SINGLE (Groundball, 6MD, EV 95.6 MPH)
|
|
Batting: LHB Eric Gaugler
|
0-0: Fly out, F9 (Flyball, 9D, EV 110.0 MPH)
|
|
Batting: SHB Jose Santiago
|
0-0: Ball 1-0: Swinging Strike 1-1: Ball 2-1: Swinging Strike 2-2: Strikes out swinging
|
|
Batting: RHB Joe Lewis
|
0-0: Foul Ball, location: 2F 0-1: Ball 1-1: Ball 2-1: Fly out, F9 (Flyball, 9S, EV 86.2 MPH)
|
| Bottom of the 4th over - 0 runs, 1 hit, 0 errors, 1 left on base; London 1 - Brockton 0 |
| TOP OF THE 5TH |
|
London Majors batting - Pitching for Brockton Rox : RHP Jeff Williams
|
|
Batting: RHB Lewis O'Connell
|
0-0: Ball 1-0: Ball 2-0: Called Strike 2-1: Foul Ball, location: 2F 2-2: Fly out, F2 (Popup, 25F, EV 88.1 MPH)
|
|
Batting: RHB Jerry Perez
|
0-0: Fly out, F2 (Popup, 13S, EV 88.1 MPH)
|
|
Batting: SHB Steve Ramsey
|
0-0: Ground out 4-3 (Groundball, 34, EV 87.5 MPH)
|
| Top of the 5th over - 0 runs, 0 hits, 0 errors, 0 left on base; London 1 - Brockton 0 |
| BOTTOM OF THE 5TH |
|
Brockton Rox batting - Pitching for London Majors : LHP Raul Pimentel
|
|
Batting: SHB Mel Gonzalez
|
0-0: Ball 1-0: Ball 2-0: Ball 3-0: Base on Balls
|
|
Batting: LHB Alexis Toxqui
|
0-0: Ball 1-0: Swinging Strike 1-1: Ball 2-1: Fly out, F3 (Popup, 3F, EV 61.9 MPH)
|
|
Batting: RHB Wu-sheng Zi
|
0-0: Called Strike 0-1: Foul Ball, location: 2F 0-2: Ball 1-2: Strikes out swinging
|
|
Batting: LHB Darby Starburster
|
0-0: Fielders Choice at 2nd, 6-4 (Groundball, 6, EV 80.0 MPH)
|
| Bottom of the 5th over - 0 runs, 0 hits, 0 errors, 1 left on base; London 1 - Brockton 0 |
| TOP OF THE 6TH |
|
London Majors batting - Pitching for Brockton Rox : RHP Jeff Williams
|
|
Batting: LHB Edwin Esparza
|
0-0: Ball 1-0: Ball 2-0: Called Strike 2-1: Called Strike 2-2: Foul Ball, location: 2F 2-2: Foul Ball, location: 2F 2-2: SINGLE (Line Drive, 78S, EV 104.4 MPH)
|
|
Pitching: LHP Luis Izquierdo
|
|
|
Batting: SHB Toby Patenaude
|
0-0: Ball 1-0: Ball 2-0: Ball 3-0: Base on Balls Edwin Esparza to second
|
|
Batting: RHB Cedric Nicholls
|
0-0: Fielders Choice at 2nd, 6-4 (Groundball, 6S, EV 81.9 MPH) Edwin Esparza to third
|
|
Batting: RHB Joy-shan Li
|
0-0: Ball 1-0: Ball 2-0: Ground out 5-3 (Groundball, 56S, EV 67.5 MPH) Cedric Nicholls to second
|
|
Batting: RHB Brandon Williams
|
0-0: Swinging Strike 0-1: Foul Ball, location: 2F 0-2: Ball 1-2: Foul Ball, location: 2F 1-2: Ball 2-2: Ball 3-2: Foul Ball, location: 2F 3-2: SINGLE (Groundball, 6D, EV 96.2 MPH) Edwin Esparza scores Cedric Nicholls to third Runner from 3rd tries for Home, SAFE, throw by LF to home
|
|
Batting: LHB Jessie Stewart
|
0-0: SINGLE (Groundball, 6MD, EV 99.4 MPH) Brandon Williams to second
|
|
Batting: RHB Lewis O'Connell
|
0-0: Ball 1-0: Ball 2-0: Called Strike 2-1: Foul Ball, location: 2F 2-2: Strikes out swinging
|
| Top of the 6th over - 2 runs, 3 hits, 0 errors, 2 left on base; London 3 - Brockton 0 |
| BOTTOM OF THE 6TH |
|
Brockton Rox batting - Pitching for London Majors : LHP Raul Pimentel
|
|
Batting: RHB Jose Blocker
|
0-0: Ball 1-0: Called Strike 1-1: Hit by Pitch
|
|
Batting: RHB Bob Reichley
|
0-0: Swinging Strike 0-1: Ball 1-1: Foul Ball, location: 2F 1-2: SINGLE (Line Drive, 56D, EV 95.6 MPH) Jose Blocker to second
|
|
Batting: LHB Eric Gaugler
|
0-0: Ball 1-0: Ball 2-0: Called Strike 2-1: Fly out, F8 (Flyball, 8LD, EV 97.5 MPH)
|
|
Batting: SHB Jose Santiago
|
0-0: Grounds into double play, 4-6-3 (Groundball, 4, EV 90.6 MPH)
|
| Bottom of the 6th over - 0 runs, 1 hit, 0 errors, 1 left on base; London 3 - Brockton 0 |
| TOP OF THE 7TH |
|
London Majors batting - Pitching for Brockton Rox : LHP Luis Izquierdo
|
|
Pinch Hitting: LHB Danny Hamilton
|
0-0: Fly out, F9 (Flyball, 9, EV 72.5 MPH)
|
|
Batting: SHB Steve Ramsey
|
0-0: Called Strike 0-1: Ball 1-1: Foul Ball, location: 2F 1-2: Fly out, F8 (Flyball, 89M, EV 78.8 MPH)
|
|
Batting: LHB Edwin Esparza
|
0-0: Called Strike 0-1: Ball 1-1: DOUBLE (Line Drive, 7LS, EV 107.5 MPH)
|
|
Pitching: LHP Bob Strachan
|
|
|
Batting: SHB Toby Patenaude
|
0-0: Ball 1-0: Called Strike 1-1: Ball 2-1: Called Strike 2-2: Strikes out swinging
|
| Top of the 7th over - 0 runs, 1 hit, 0 errors, 1 left on base; London 3 - Brockton 0 |
| BOTTOM OF THE 7TH |
|
Brockton Rox batting - Pitching for London Majors : LHP Raul Pimentel
|
|
Now at 3B: Manny Corral
|
|
|
Batting: RHB Joe Lewis
|
0-0: Called Strike 0-1: Swinging Strike 0-2: Foul Ball, location: 2F 0-2: Ball 1-2: Ball 2-2: Ball 3-2: Base on Balls
|
|
Batting: SHB Mel Gonzalez
|
0-0: Called Strike 0-1: Ball 1-1: Ball 2-1: Ball 3-1: Fly out, F8 (Flyball, 8LD, EV 100.6 MPH)
|
|
Batting: LHB Alexis Toxqui
|
0-0: Swinging Strike 0-1: Grounds into double play, 4-6-3 (Groundball, 4, EV 90.0 MPH)
|
| Bottom of the 7th over - 0 runs, 0 hits, 0 errors, 0 left on base; London 3 - Brockton 0 |
| TOP OF THE 8TH |
|
London Majors batting - Pitching for Brockton Rox : LHP Bob Strachan
|
|
Batting: RHB Cedric Nicholls
|
0-0: Swinging Strike 0-1: Ball 1-1: Swinging Strike 1-2: Strikes out swinging
|
|
Batting: RHB Joy-shan Li
|
0-0: Swinging Strike 0-1: Ball 1-1: Foul Ball, location: 2F 1-2: Ground out 5-3 (Groundball, 56, EV 106.9 MPH)
|
|
Batting: RHB Brandon Williams
|
0-0: Ball 1-0: Ball 2-0: Ball 3-0: Called Strike 3-1: Called Strike 3-2: Base on Balls
|
|
Batting: LHB Jessie Stewart
|
0-0: Ball 1-0: Swinging Strike 1-1: Swinging Strike 1-2: Strikes out swinging
|
| Top of the 8th over - 0 runs, 0 hits, 0 errors, 1 left on base; London 3 - Brockton 0 |
| BOTTOM OF THE 8TH |
|
Brockton Rox batting - Pitching for London Majors : LHP Raul Pimentel
|
|
Batting: RHB Eric McClelland
|
0-0: Ball 1-0: Foul Ball, location: 2F 1-1: Ball 2-1: Ball 3-1: Fly out, F5 (Flyball, 5D, EV 93.1 MPH)
|
|
Pinch Hitting: RHB Panam Palmer
|
0-0: Ball 1-0: Ball 2-0: Ball 3-0: Called Strike 3-1: Called Strike 3-2: Fly out, F4 (Line Drive, 4M, EV 69.4 MPH)
|
|
Batting: RHB Jose Blocker
|
0-0: Ball 1-0: Ball 2-0: Foul Ball, location: 2F 2-1: Ball 3-1: Base on Balls
|
|
Batting: RHB Bob Reichley
|
0-0: Called Strike 0-1: Ball 1-1: SINGLE (Groundball, P, EV 88.8 MPH) (infield hit) Jose Blocker to second
|
|
Batting: LHB Eric Gaugler
|
0-0: Swinging Strike 0-1: Called Strike 0-2: Ground out 1-3 (Groundball, 13S, EV 64.4 MPH)
|
| Bottom of the 8th over - 0 runs, 1 hit, 0 errors, 2 left on base; London 3 - Brockton 0 |
| TOP OF THE 9TH |
|
London Majors batting - Pitching for Brockton Rox : LHP Bob Strachan
|
|
Now at SS: Bob Reichley
|
|
|
Now in LF: Panam Palmer
|
|
|
Pinch Hitting: RHB Chad Colyer
|
0-0: Foul Ball, location: 2F 0-1: Foul Ball, location: 2F 0-2: Ball 1-2: Ball 2-2: Foul Ball, location: 2F 2-2: Ball 3-2: Foul Ball, location: 2F 3-2: Strikes out swinging
|
|
Batting: RHB Manny Corral
|
0-0: Called Strike 0-1: Ball 1-1: Ground out 6-3 (Groundball, 6, EV 106.2 MPH)
|
|
Batting: SHB Steve Ramsey
|
0-0: Called Strike 0-1: Called Strike 0-2: Ground out 6-3 (Groundball, 6S, EV 74.4 MPH)
|
| Top of the 9th over - 0 runs, 0 hits, 0 errors, 0 left on base; London 3 - Brockton 0 |
| BOTTOM OF THE 9TH |
|
Brockton Rox batting - Pitching for London Majors : LHP Raul Pimentel
|
|
Pitching: LHP Jim Sabin
|
|
|
Now at SS: Hanley Hernandez
|
|
|
Batting: SHB Jose Santiago
|
0-0: Called Strike 0-1: Fly out, F8 (Flyball, 78S, EV 88.8 MPH)
|
|
Pinch Hitting: LHB Kenny Jackson
|
0-0: Called Strike 0-1: Ball 1-1: Ball 2-1: Foul Ball, location: 2F 2-2: Foul Ball, location: 2F 2-2: Ground out 6-3 (Groundball, 6, EV 102.5 MPH)
|
|
Pinch Hitting: RHB Ryan Davis
|
0-0: Called Strike 0-1: Called Strike 0-2: Strikes out swinging
|
| Bottom of the 9th over - 0 runs, 0 hits, 0 errors, 0 left on base; London 3 - Brockton 0 |
|